 Dungeon Crawl Stone Soup version 0.20.0-8-g6b59dc7 (webtiles) character file.

1229 Goblin1989 the Gouger (level 8, -8/38 HPs)
             Began as a Felid Monk on June 1, 2017.
             Was a Believer of Sif Muna.
             Killed by divine providence
             ... invoked by an orc priest
              (16 damage)
             ... on level 7 of the Dungeon.
             The game lasted 00:27:38 (9969 turns).

Goblin1989 the Gouger (Felid Monk)                  Turns: 9969, Time: 00:27:40

Health: -8/38      AC:  2    Str:  7    XL:     8   Next: 24%
Magic:  9/9        EV: 26    Int: 14    God:    Sif Muna [**....]
Gold:   76         SH:  0    Dex: 23    Spells: 7/7 levels left
                                        Lives:  0   Deaths: 2

rFire    . . .     SeeInvis +     - Unarmed
rCold    . . .     Gourm    .   (shield unavailable)
rNeg     . . .     Faith    .   (armour unavailable)
rPois    +         Spirit   .   (helmet unavailable)
rElec    .         Reflect  .   (cloak unavailable)
rCorr    .         Harm     .   (gloves unavailable)
MR       +....                  (boots unavailable)
Stlth    ++++......             (no amulet)
Regen    0.2/turn               t - +5 ring of dexterity {=R}
MPRegen  0.2/turn               o - ring of poison resistance

@: quick
A: no armour, no weapons or thrown items, stealth, claws 1, fangs 3, see
invisible, carnivore 3, speed 1, shaggy fur 2, slow metabolism 1, sharp paws
a: Divine Energy, Renounce Religion


You were on level 7 of the Dungeon.
You worshipped Sif Muna.
Sif Muna was pleased with you.
You were not hungry.

You visited 2 branches of the dungeon, and saw 8 of its levels.

You collected 296 gold pieces.
You spent 220 gold pieces at shops.

Inventory:

Jewellery
 j - a +3 amulet of reflection
 o - a ring of poison resistance (right paw)
 t - a +5 ring of dexterity (left paw) {=R}
 y - an uncursed ring of ice
 D - an uncursed amulet of faith {!P}
Wands
 I - a wand of iceblast (6/15)
Scrolls
 h - a scroll of enchant armour {unknown}
 n - 2 scrolls of remove curse {@r2}
 p - 2 scrolls of amnesia {unknown}
 w - a scroll of immolation {unknown}
 x - 2 scrolls of fog
 z - a scroll of recharging {unknown}
 A - a scroll of noise {unknown}
 C - a scroll of summoning {unknown}
 E - a scroll of magic mapping {unknown}
 K - a scroll of holy word {unknown}
 T - 6 scrolls of teleportation {!r, @r3}
 U - a scroll of enchant weapon {unknown}
Potions
 b - 3 potions of agility
 c - 2 potions of might
 e - 2 potions of haste {@q3, !q}
 l - 2 potions of heal wounds {@q2, !q}
 m - 2 potions of mutation {!q}
 u - a potion of magic {unknown}
 B - 3 potions of invisibility
 H - a potion of resistance
 J - a potion of lignification
Comestibles
 a - 7 meat rations {@e2}
 r - a royal jelly


   Skills:
 + Level 6.2 Fighting
 + Level 8.3 Dodging
 + Level 6.9 Stealth
 * Level 8.6 Unarmed Combat


You had 7 spell levels left.
You didn't know any spells.

Dungeon Overview and Level Annotations

Branches:
Dungeon (7/15)             Temple (1/1) D:5

Altars:
Ashenzari
Cheibriados
Dithmenos
Elyvilon
Fedhas
Gozag
Hepliaklqana
Kikubaaqudgha
Makhleb
Nemelex Xobeh
Okawaru
Qazlal
Ru
Sif Muna
Trog
Vehumet
Yredelemnul
Zin
The Shining One

Shops:
D:7 =

Annotations:
D:6 1 runed door


Innate Abilities, Weirdness & Mutations

You cannot wear armour.
You are incapable of wielding weapons or throwing items.
Your paws allow you to move quietly. (Stealth)
You have sharp claws.
You have razor-sharp teeth.
You have supernaturally acute eyesight. (SInv)
You are carnivorous and can eat meat at any time.
You cover ground quickly.
You are covered in thick fur. (AC +2)
You have a slow metabolism.
Your sharp claws are effective at attacking unaware monsters.


Message History

Put on which piece of jewellery? (? for menu, Esc to quit)
o - a ring of poison resistance (right paw)
A crimson imp comes into view.
You see here a wand of iceblast (?/15).
You see here a scroll labeled FUIMIROJAN.
You pounce on the unaware helpless crimson imp!
You eviscerate the crimson imp!!!
You kill the crimson imp!
Sif Muna accepts your kill.
No target in view!
No target in view!
No target in view!
No target in view!
No target in view!
No target in view!
No target in view!
No target in view!
No target in view!
No target in view!
No target in view!
No target in view!
No target in view!
No target in view!
No target in view!
No target in view!
No target in view!
No target in view!
No target in view!
No target in view!
No target in view!
U - a scroll labeled FUIMIROJAN
I - a wand of iceblast (?/15)
The ogre shouts!
The orc wizard shouts!
The orc wizard gestures wildly while chanting.
The orc wizard blinks!
The ogre barely misses you.
Found a stone staircase leading down.
You claw the ogre!
The ogre is moderately wounded.
You scratch the ogre. You bite the ogre, but do no damage.
The ogre is moderately wounded.
The ogre closely misses you.
You claw the ogre! You claw the ogre.
The ogre is severely wounded.
The ogre hits you with a giant spiked club!!
Ouch! That really hurt!
* * * LOW HITPOINT WARNING * * *
You are too injured to fight recklessly!
You take 25 damage, and have 13/38 hp.
MASSIVE DAMAGE!!
You are too injured to fight recklessly!
You are too injured to fight recklessly!
You are too injured to fight recklessly!
You are too injured to fight recklessly!
You are too injured to fight recklessly!
You are too injured to fight recklessly!
You are too injured to fight recklessly!
You are too injured to fight recklessly!
You are too injured to fight recklessly!
You are too injured to fight recklessly!
You claw the ogre!
You kill the ogre!
Sif Muna accepts your kill.
The orc wizard gestures wildly while chanting.
The orc wizard blinks!
Unknown command.
You are too injured to fight recklessly!
The orc wizard casts a spell at you. The magic dart hits you!
* * * LOW HITPOINT WARNING * * *
You take 8 damage, and have 6/38 hp.
MASSIVE DAMAGE!!
The orc shouts!
You claw the orc wizard!
The orc wizard is heavily wounded.
The orc wizard completely misses you.
You scratch the orc wizard but do no damage.
The orc wizard is heavily wounded.
The orc wizard barely misses you.
You claw the orc wizard!
You kill the orc wizard!
Sif Muna accepts your kill.
Items here: )) ? [ † a dagger of venom; a robe; a scroll labeled CYGUZE FUFIFEA; a giant spiked club an ogre corpse You barely miss the orc.
The orc completely misses you.
You closely miss the orc. The orc misses you.
You scratch the orc.
The orc is lightly wounded.
The orc closely misses you.
You claw the orc!
You kill the orc!
Sif Muna accepts your kill.
You see here an orc corpse.
The orc priest misses you.
You closely miss the orc priest.
The orc priest miscasts a cantrip.
You scratch the orc priest.
The orc priest is moderately wounded.
The orc priest mumbles some strange prayers to Beogh against you.
Beogh smites you!
You die...

███.███...█ █.█ █........█
█.█ █(.█.....█ ██ █..
█..█.█.█.... .. ...
█.........██ █. █.█.█
█.██.█.█..█ █> █.█.█
█.██......█ █. █.█.█
██.████.█..████.██.█.█
█...███.█......o@..█.█
..█.....█.█████..█†█.█
█...█████.█ ██.█)█.█ ██.██
█.█ █.█.█.██ █.█ █.█
█.█..█.███████████ █.█
██.██████...███...........


█o█ █............█.███████████ █O█████.............██ █....oO.......███.███ You
could see an orc priest.

Vanquished Creatures
  A hornet (D:7)
  A hungry ghost (D:7)
  An orc warrior (D:7)
  A phantom (D:6)
  3 ogres
  2 centaurs
  Blork the orc (D:4)
  2 bullfrogs (D:6)
  2 scorpions
  A howler monkey (D:6)
  2 crimson imps
  A jelly (D:5)
  3 orc priests
  3 hounds
  A centaur skeleton (D:6)
  2 iguanas (D:6)
  4 orc wizards
  6 worker ants
  A hound zombie (D:7)
  11 adders
  4 gnolls (D:4)
  2 oozes
  2 adder skeletons
  An adder zombie (D:7)
  5 worms
  4 dart slugs
  4 leopard geckos
  22 orcs
  6 bats
  3 giant cockroaches
  9 goblins
  6 hobgoblins
  9 jackals
  A quokka (D:5)
  2 ball pythons
  3 frilled lizards (D:1)
  A giant cockroach zombie (D:5)
  A jackal skeleton (D:4)
  A jackal zombie (D:3)
  8 kobolds
  A leopard gecko skeleton (D:4)
  A quokka zombie (D:5)
  8 rats
  A spectral orc (D:6)
154 creatures vanquished.

Notes
Turn   | Place    | Note
-------+----------+-------------------------------------------
     0 | D:1      | Goblin1989 the Felid Monk began the quest for the Orb.
     0 | D:1      | Reached XP level 1. HP: 10/10 MP: 2/2
   245 | D:1      | Reached XP level 2. HP: 8/14 MP: 3/3
   657 | D:1      | Reached XP level 3. HP: 9/17 MP: 4/4
  1731 | D:3      | Reached XP level 4. HP: 10/21 MP: 5/5
  2727 | D:3      | Reached skill level 5 in Dodging
  2727 | D:3      | Reached XP level 5. HP: 16/25 MP: 6/6
  4089 | D:3      | Reached skill level 5 in Unarmed Combat
  4647 | D:4      | Found an opulent altar of Gozag.
  4657 | D:4      | Gained mutation: You are covered in thick fur. (AC +2) [Felid growth]
  4657 | D:4      | Reached XP level 6. HP: 28/28 MP: 7/7
  4773 | D:4      | Found a snail-covered altar of Cheibriados.
  4989 | D:5      | Entered Level 5 of the Dungeon
  5472 | D:5      | Shot with an arrow by a centaur
  5473 | D:5      | Reached XP level 5. HP: 0/25 MP: 6/6
  5696 | D:5      | Found a staircase to the Ecumenical Temple.
  5705 | Temple   | Entered the Ecumenical Temple
  5930 | Temple   | Became a worshipper of Sif Muna the Loreminder
  5930 | Temple   | Reached * piety under Sif Muna
  5930 | Temple   | Reached ** piety under Sif Muna
  6349 | D:4      | Noticed a phantom
  6832 | D:4      | Reached XP level 6. HP: 29/29 MP: 7/7
  7033 | D:4      | Noticed Blork the orc
  7037 | D:4      | Killed Blork the orc
  7143 | D:4      | Found a bloodstained altar of Trog.
  7494 | D:5      | Found a shattered altar of Ashenzari.
  7494 | D:5      | Found a burning altar of Makhleb.
  7499 | D:5      | Found a white marble altar of Elyvilon.
  7501 | D:5      | Found an iron altar of Okawaru.
  7503 | D:5      | Found an ancient bone altar of Kikubaaqudgha.
  7589 | D:5      | Reached skill level 5 in Fighting
  7589 | D:5      | Reached XP level 7. HP: 14/33 MP: 8/8
  8845 | D:6      | Reached skill level 5 in Stealth
  8999 | D:6      | Reached XP level 8. HP: 37/37 MP: 9/9
  9425 | D:6      | Found a basalt altar of Yredelemnul.
  9550 | D:6      | Found a runed door.
  9645 | D:7      | Found Kunia's Jewellery Shop.
  9647 | D:7      | Noticed a hornet
  9701 | D:7      | HP: 1/38 [hornet (17)]
  9702 | D:7      | Killed a hornet
  9702 | D:7      | Succumbed to a hornet's poison
  9703 | D:7      | Reached XP level 7. HP: 0/34 MP: 8/8
  9756 | D:7      | Noticed a hungry ghost
  9761 | D:7      | Killed a hungry ghost
  9838 | D:7      | Reached XP level 8. HP: 33/38 MP: 9/9
  9901 | D:7      | Bought an uncursed ring of poison resistance for 220 gold pieces
  9969 | D:7      | Killed from afar by an orc priest

Skill      XL: |  1  2  3  4  5  6  7  8 |
---------------+-------------------------+-----
Unarmed Combat | 4 5 6 7 8 |  8.6
Dodging        | 5 6 8 |  8.3
Fighting       | 4 5 6 |  6.2
Stealth        | 3 5 6 |  6.9

Action                   |  1- 3 |  4- 6 |  7- 9 || total
-------------------------+-------+-------+-------++-------
Melee: Unarmed           |   117 |   282 |   208 ||   607
       Bite              |    11 |    31 |    15 ||    57
       Punch             |     4 |    13 |     7 ||    24
  Use: Potion            |     1 |     1 |       ||     2
       Scroll            |       |       |    12 ||    12
 Stab: Sleeping          |     5 |    12 |     6 ||    23
       Distracted        |       |     3 |       ||     3
  Eat: Chunk             |     9 |    15 |     6 ||    30
Armor: Skin              |     7 |     8 |     6 ||    21
Dodge: Dodged            |   101 |   191 |   182 ||   474
Block: Other             |     3 |    32 |       ||    35
       Reflection        |       |     1 |       ||     1

Vault maps used:
D:1:      lemuel_arrival_room, grunt_decor_fettered, st_stairs_9,
          item_on_display_a
D:3:      kennysheep_big_empty_room
D:4:      old_standard_altar, kennysheep_mini, marbit_many_paths,
          uniq_blork_the_orc
D:5:      chequers_temple_overflow_minitemple, temple_hall, first_bread,
          supply_closet_lemuel, feat_on_display
D:6:      yredelemnul_forgotten_temple_becter, minmay_crystal_water,
          uniq_crazy_yiuf_cottage
D:7:      serial_shops, shop
Temple:   dpeg_chambers_temple
